 Dungeon Crawl Stone Soup version 0.29-a0-997-gf6f7e2dfe7 (webtiles) character file.

Game seed: 3000387449227014393

555 IdlyInterested the Poker (level 7, 0/81 HPs)
             Began as a Demonspawn Gladiator on Aug 4, 2022.
             Was an Initiate of Ashenzari.
             Slain by Blork the orc
             ... wielding a +2 glaive of flaming
              (1 damage)
             ... on level 4 of the Dungeon.
             The game lasted 00:12:53 (4080 turns).

IdlyInterested the Poker (Demonspawn Gladiator)     Turns: 4080, Time: 00:12:54

Health: 0/81       AC: 23    Str: 16    XL:     7   Next: 8%
Magic:  8/8        EV:  2    Int: 15    God:    Ashenzari [......]
Gold:   322        SH:  5    Dex: 15    Spells: 8/8 levels left

rFire   + . .      SeeInvis .   a - +0 trident
rCold   + . .      Faith    .   (no shield)
rNeg    . . .      Spirit   .   (body armour currently unavailable)
rPois   +          Reflect  +   (helmet currently unavailable)
rElec   +          Harm     .   (cloak currently unavailable)
rCorr   +          Rampage  .   (gloves currently unavailable)
Will    .....      NoTele   +   (boots currently unavailable)
Stlth   ++........              u - amulet of reflection
HPRegen 0.23/turn               c - +6 ring of intelligence
MPRegen 0.11/turn               (no ring)

@: tree-form, resistant
A: stationary, stasis, torment immunity, boosted hp, (horns 2), foul stench 1,
(electricity resistance), wild magic 1
a: Renounce Religion


You were on level 4 of the Dungeon.
You worshipped Ashenzari.
Ashenzari was noncommittal.
You were a tree.
You visited 1 branch of the dungeon, and saw 4 of its levels.

You collected 322 gold pieces.

Inventory:

Hand Weapons
 a - a +0 trident (weapon)
 f - a +0 spear
 g - a +0 trident
 r - a +0 scythe
Missiles
 d - a throwing net
 h - 19 poisoned darts (quivered)
 i - a javelin
 m - 2 silver boomerangs
Armour
 b - a +0 leather armour
 n - an orb of guile
 w - a +0 ring mail
 y - a +0 plate armour (melded)
Jewellery
 c - a +6 ring of intelligence (left branch)
 u - an amulet of reflection (around neck)
Wands
 l - a wand of charming (9)
Scrolls
 e - 2 scrolls of amnesia {unknown}
 k - a scroll of magic mapping {unknown}
 o - 2 scrolls of identify {unknown}
 p - a scroll of summoning {unknown}
 q - 2 scrolls of noise {unknown}
 s - a scroll of enchant weapon {unknown}
 t - a scroll of teleportation {unknown}
 v - a scroll of enchant armour {unknown}
 x - a scroll of brand weapon {unknown}
Potions
 z - 2 potions of mutation
 A - a potion of brilliance
 B - a potion of cancellation
 C - a potion of lignification


   Skills:
 - Level 4.0 Fighting
 * Level 6.0 Polearms
 - Level 1.7 Throwing
 + Level 1.6 Armour
 - Level 2.6 Dodging
 - Level 1.0 Stealth
 - Level 1.0 Spellcasting
 - Level 1.0 Evocations


You had 8 spell levels left.
You didn't know any spells.
Your spell library was empty.

Dungeon Overview and Level Annotations

Branches:
Dungeon (4/15)
 Temple: D:4-7

Altars:
Ashenzari
Cheibriados
Dithmenos
Okawaru
Ru
Yredelemnul

Annotations:
D:4 Blork the orc


Innate Abilities, Weirdness & Mutations

You are a tree.
Your roots penetrate the ground, keeping you stationary.
You cannot be teleported.
You are immune to unholy pain and torment.
Your maximum health is greatly increased.
Your equipment is partially melded.
((You have a pair of horns on your head.))
You may rarely emit foul miasma when damaged in melee.
((You are resistant to electric shocks. (rElec)))
Your spells are a little harder to cast, but a little more powerful.


Message History

The throwing net barely misses Blork the orc.
Blork the orc hits you from afar with a +2 glaive of flaming.
* * * LOW HITPOINT WARNING * * *
Blork the orc burns you.
* * * LOW HITPOINT WARNING * * *
Throw: 2 throwing nets
Press: ? - help, Shift-Dir - straight line, f/p - Blork the orc
Aim: Blork the orc, wielding a +2 glaive of flaming and wearing a +0 robe (fast, 64% to hit)
You throw a throwing net. The throwing net hits Blork the orc.
Blork the orc is caught in the net!
Blork the orc gestures at you while chanting.
The magic dart hits you but does no damage.
Blork the orc struggles against the net.
Reach: a) +0 trident
Press: ? - help, Dir - move target, f/p - Blork the orc
Aim: Blork the orc, wielding a +2 glaive of flaming and wearing a +0 robe (fast, entangled in a net, about 6% to evade your +0 trident)
You reach to attack!
You hit Blork the orc.
Blork the orc is lightly wounded.
Blork the orc struggles against the net.
Reach: a) +0 trident
Press: ? - help, Dir - move target, f/p - Blork the orc
Aim: Blork the orc, wielding a +2 glaive of flaming and wearing a +0 robe (lightly wounded, fast, entangled in a net, about 6% to evade your +0 trident)
You reach to attack!
You catch the helpless Blork the orc completely off-guard!
You hit Blork the orc.
Blork the orc is moderately wounded.
Blork the orc struggles against the net. x2
The net rips apart, and Blork the orc comes free!
Reach: a) +0 trident
Press: ? - help, Dir - move target, f/p - Blork the orc
Aim: Blork the orc, wielding a +2 glaive of flaming and wearing a +0 robe (moderately wounded, fast, about 34% to evade your +0 trident)
You reach to attack!
You hit Blork the orc but do no damage.
Blork the orc is moderately wounded.
Blork the orc hits you but does no damage.
You feel protected.
Blork the orc hits you but does no damage.
Blork the orc hits you from afar with a +2 glaive of flaming.
* * * LOW HITPOINT WARNING * * *
Blork the orc burns you.
You die...

##........ ..#
#.........#
.[........
...##._..⌠.._.#
..........
..............#
##........
.#....._.....##
.........#
####...._...#
#........
#......###
...... ###..###
.....
...######.##
.....
(....o†♣..#
....
..#########
....


You could see Blork the orc (fast).

Vanquished Creatures
  Grinder (D:3)
  Sigmund (D:2)
  A scorpion (D:4)
  Robin (D:2)
  4 adders
  A worm (D:2)
  2 dart slugs
  An orc (D:4)
  5 bats
  4 endoplasms
  6 giant cockroaches
  16 goblins
  5 hobgoblins
  11 jackals
  8 kobolds
  5 quokkas
  8 ball pythons
  2 frilled lizards (D:1)
  8 rats
90 creatures vanquished.

Notes
Turn   | Place    | Note
-------+----------+-------------------------------------------
     0 | D:1      | IdlyInterested the Demonspawn Gladiator began the quest for
                  | the Orb.
     0 | D:1      | Reached XP level 1. HP: 16/16 MP: 1/1
   118 | D:1      | Reached skill level 3 in Polearms
   173 | D:1      | Gained mutation: You have a pair of small horns on your
                  | head. [demonic ancestry]
   173 | D:1      | Reached XP level 2. HP: 14/22 MP: 2/2
   637 | D:1      | Reached skill level 1 in Armour
   838 | D:1      | Reached XP level 3. HP: 28/28 MP: 3/3
  1461 | D:2      | Noticed Robin
  1487 | D:2      | Killed Robin
  1488 | D:2      | Reached skill level 1 in Stealth
  1518 | D:2      | Reached XP level 4. HP: 14/34 MP: 4/4
  2108 | D:2      | Noticed Sigmund
  2126 | D:2      | Killed Sigmund
  2127 | D:2      | Reached skill level 4 in Polearms
  2127 | D:2      | Reached skill level 1 in Evocations
  2127 | D:2      | Reached XP level 5. HP: 32/41 MP: 5/5
  2851 | D:3      | Reached skill level 5 in Polearms
  2851 | D:3      | Gained mutation: You may rarely emit foul miasma when
                  | damaged in melee. [demonic ancestry]
  2851 | D:3      | Reached XP level 6. HP: 24/47 MP: 6/6
  3306 | D:3      | Noticed Grinder
  3312 | D:3      | Paralysed by Grinder for 3 turns
  3318 | D:3      | Gained mutation: You are resistant to electric shocks.
                  | (rElec) [potion of mutation]
  3318 | D:3      | Gained mutation: Your spells are a little harder to cast,
                  | but a little more powerful. [potion of mutation]
  3329 | D:3      | Killed Grinder
  3330 | D:3      | Reached skill level 1 in Spellcasting
  3799 | D:4      | Gained mutation: You have a pair of horns on your head.
                  | [demonic ancestry]
  3799 | D:4      | Reached XP level 7. HP: 51/54 MP: 8/8
  3952 | D:4      | Reached skill level 6 in Polearms
  4025 | D:4      | Found a sacrificial altar of Ru.
  4026 | D:4      | Found a shadowy altar of Dithmenos.
  4026 | D:4      | Found a basalt altar of Yredelemnul.
  4028 | D:4      | Found an iron altar of Okawaru.
  4048 | D:4      | Found a broken altar of Ashenzari.
  4056 | D:4      | Found a snail-covered altar of Cheibriados.
  4063 | D:4      | Became a worshipper of Ashenzari the Shackled
  4067 | D:4      | Noticed Blork the orc
  4080 | D:4      | HP: 1/81 [Blork the orc/+2 glaive of flaming (5)]
  4080 | D:4      | Slain by Blork the orc

Illustrated notes

Levels and vault maps discovered:
D:1:      dpeg_arrival_more_subterranean_lakeside_camping, layout_loops_ring,
          grunt_decor_one_mirror, minmay_splitting_lines, minmay_quantized
D:2:      layout_loops_cross, basic_altar, uniq_robin, uniq_sigmund
D:3:      layout_loops_ring, uniq_grinder
D:4:      layout_rooms, grunt_temple_overflow_open, uniq_blork_the_orc

Skill      XL: |  1  2  3  4  5  6  7 |
---------------+----------------------+-----
Polearms       | 3 4 5 6 |  6.0
Armour         | 1 |  1.6
Stealth        | 1 |  1.0
Fighting       | 3 4 |  4.0
Evocations     | 1 |  1.0
Spellcasting   | 1 |  1.0
Throwing       | |  1.7
Dodging        | |  2.6

Action                   |  1- 3 |  4- 6 |  7- 9 || total
-------------------------+-------+-------+-------++-------
Melee: Spear             |   139 |   101 |    14 ||   254
       Headbutt          |    11 |    19 |     5 ||    35
       Trident           |       |    12 |    20 ||    32
       Halberd           |       |    13 |       ||    13
       Punch             |       |     1 |       ||     1
Throw: Dart              |     7 |     2 |       ||     9
       Javelin           |     1 |       |       ||     1
       Throwing net      |       |     1 |     2 ||     3
  Use: Potion            |     2 |     5 |     2 ||     9
 Stab: Distracted        |     1 |     1 |       ||     2
       Sleeping          |     1 |     5 |       ||     6
       Held in net/web   |       |       |     1 ||     1
Armor: Leather armour    |    29 |    16 |       ||    45
       Ring mail         |       |     5 |     4 ||     9
       Skin              |       |       |     4 ||     4
       Plate armour      |       |       |     3 ||     3
Dodge: Dodged            |    57 |    57 |    12 ||   126
Block: Other             |       |     3 |     5 ||     8

Table legend: (Time is in decaauts)
 A = Elapsed time spent in this place.
 B = Non-inter-level travel time spent in this place.
 C = Inter-level travel time spent in this place.
 D = Time resting spent in this place.
 E = Time spent auto-exploring this place.
 F = Levels seen in this place.
 G = Mean time per level.
                   A        B        C        D        E       F      G
               +--------+--------+--------+--------+--------+-----+--------+
         Total |   4058 |   3796 |    262 |   1199 |   1747 |   4 | 1014.5 |
       Dungeon |   4058 |   3796 |    262 |   1199 |   1747 |   4 | 1014.5 |
               +--------+--------+--------+--------+--------+-----+--------+

Top non-repeatable levels by time:
     D:1: 1414 daAuts
     D:2: 1216 daAuts
     D:3: 1151 daAuts
     D:4: 275 daAuts
